 Dungeon Crawl Stone Soup version 0.27-a0-1557-g57f10a385c (webtiles) character file.

Game seed: 5036338666662975876

83 Sin92 the Skirmisher (level 4, 0/35 HPs)
             Began as a Demonspawn Fighter on July 15, 2021.
             Succumbed to Crazy Yiuf's poison
             ... on level 2 of the Dungeon.
             The game lasted 00:02:12 (1966 turns).

Sin92 the Skirmisher (Demonspawn Fighter)           Turns: 1966, Time: 00:02:12

Health: 0/35       AC:  6    Str: 14 (17) XL:     4   Next: 22%
Magic:  3/4        EV:  7    Int:  9 (11) God:
Gold:   91         SH:  8    Dex: 12 (13) Spells: 3/3 levels left

rFire    . . .     SeeInvis .   a - +0 trident
rCold    . . .     Faith    .   c - +0 kite shield
rNeg     . . .     Spirit   .   b - +0 scale mail
rPois    .         Reflect  .   (helmet restricted)
rElec    .         Harm     .   (no cloak)
rCorr    .         Rampage  .   (no gloves)
Will     .....                  (no boots)
Stlth    ..........             (no amulet)
HPRegen  0.11/turn              (no ring)
MPRegen  0.09/turn              (no ring)

@: lethally poisoned (0 -> -6), attractive
A: antennae 1, big brain 1
a: no special abilities


You were on level 2 of the Dungeon.
You visited 1 branch of the dungeon, and saw 2 of its levels.

You collected 91 gold pieces.

Inventory:

Hand Weapons
 a - a +0 trident (weapon)
Armour
 b - a +0 scale mail (worn)
 c - a +0 kite shield (worn)


   Skills:
 + Level 3.3 Fighting
 * Level 2.8 Polearms
 + Level 3.1 Armour
 + Level 1.1 Dodging
 + Level 3.1 Shields


You had 3 spell levels left.
You didn't know any spells.
Your spell library was empty.

Dungeon Overview and Level Annotations

Branches:
Dungeon (2/15)

Altars:
Ru

Shops:
D:1 =   D:2 *

Annotations:
D:2 Crazy Yiuf


Innate Abilities, Weirdness & Mutations

You have a pair of small antennae on your head.
You have an unusually large brain. (Int +2)


Message History

Could not explore, unopened runed door.
Failed to move towards target.
Could not explore, unopened runed door.
Failed to move towards target.
Unknown command.
Could not explore, unopened runed door.
Failed to move towards target.
Failed to move towards target.
You open the door.
Crazy Yiuf says, "Flower unthinkable wrapper!"
You barely miss Crazy Yiuf.
Crazy Yiuf hits you with a +2 quarterstaff of chaos!
You closely miss Crazy Yiuf.
Crazy Yiuf hits you with a +2 quarterstaff of chaos.
Crazy Yiuf burns you.
You hit Crazy Yiuf.
Crazy Yiuf is moderately wounded.
Crazy Yiuf hits you with a +2 quarterstaff of chaos.
You are lethally poisoned!
Crazy Yiuf closely misses you.
You closely miss Crazy Yiuf.
Crazy Yiuf is moderately wounded.
You feel very sick.
Crazy Yiuf whimpers, "Action snockshim tortoise!"
Crazy Yiuf hits you with a +2 quarterstaff of chaos.
* * * LOW HITPOINT WARNING * * *
You feel your power leaking away.
It was a potion of degeneration.
There was something very wrong with that liquid.
You feel weakened.
You feel dopey.
You feel clumsy.
* * * LOW HITPOINT WARNING * * *
You feel very sick. Crazy Yiuf barely misses you.
It was a potion of attraction.
You feel attractive to monsters.
* * * LOW HITPOINT WARNING * * *
You feel sick. Crazy Yiuf barely misses you.
Your shield prevents you from hitting Crazy Yiuf.
Crazy Yiuf is moderately wounded.
You die...

......#.####
#....####.#####....<
......#.# #....# #..#
###... #.._..#.# ♣....♣
#..# ###.## #.....#.#
♣...♣♣ #..# #(..#
#.......# ♣♣.♣♣ #..#
#.#.# ###.##### ♣.♣♣
##.## #.#.# ##.## ♣♣.♣
#...###.#.# ##...# ♣.♣♣
#....##.#.# .....# ♣♣@♣
#.........## ##...# #g#
#.#..##..... ##### ...
####.#####.# #...# ##.#
#.# #..)# ####.#####.#
##### #.#......#.#
##.#####.#.#
########..#####.#.#
#####...#.....##.......


You could see Crazy Yiuf.

Vanquished Creatures
  Jessica (D:2)
  An adder (D:2)
  2 dart slugs (D:1)
  4 bats
  3 endoplasms
  3 giant cockroaches (D:1)
  2 goblins
  7 hobgoblins
  2 quokkas (D:1)
  6 ball pythons
  A frilled lizard (D:1)
  3 kobolds (D:1)
  5 rats (D:1)
40 creatures vanquished.

Notes
Turn   | Place    | Note
-------+----------+-------------------------------------------
     0 | D:1      | Sin92 the Demonspawn Fighter began the quest for the Orb.
     0 | D:1      | Reached XP level 1. HP: 18/18 MP: 1/1
   127 | D:1      | Found Xotib's Jewellery Shoppe.
   151 | D:1      | Gained mutation: You have an unusually large brain. (Int
                  | +2) [demonic ancestry]
   151 | D:1      | Reached XP level 2. HP: 18/24 MP: 2/2
   251 | D:1      | HP: 1/24 [giant cockroach (2)]
   274 | D:1      | HP: 1/24 [ball python (2)]
   802 | D:1      | Reached XP level 3. HP: 28/29 MP: 3/3
  1245 | D:2      | Noticed Jessica
  1257 | D:2      | Killed Jessica
  1258 | D:2      | Reached skill level 1 in Dodging
  1258 | D:2      | Gained mutation: You have a pair of small antennae on your
                  | head. [demonic ancestry]
  1258 | D:2      | Reached XP level 4. HP: 32/35 MP: 4/4
  1303 | D:2      | Found a faded altar of an unknown god.
  1311 | D:2      | Found a sacrificial altar of Ru.
  1513 | D:2      | Found Omiusoy's Assorted Antiques.
  1645 | D:2      | Found a runed translucent door.
  1646 | D:2      | Noticed Crazy Yiuf
  1966 | D:2      | Succumbed to Crazy Yiuf's poison

Illustrated notes

Levels and vault maps discovered:
D:1:      lightli_molten_gateway, layout_rooms, serial_shops,
          nicolae_shop_crystal
D:2:      layout_loops_cross, ebering_ecumenical_altar_webs, serial_shops, shop,
          basic_altar, minmay_misc_feat_alley, uniq_crazy_yiuf_cottage,
          uniq_jessica

Skill      XL: |  1  2  3 |
---------------+----------+-----
Polearms       | 2 |  2.8
Shields        | 3 |  3.1
Armour         | 3 |  3.1
Dodging        | 1 |  1.1
Fighting       | |  3.3

Action                   |  1- 3 |  4- 6 || total
-------------------------+-------+-------++-------
Melee: Trident           |   110 |    23 ||   133
  Use: Potion            |     2 |     2 ||     4
       Scroll            |     1 |     2 ||     3
Armor: Scale mail        |    50 |     6 ||    56
Dodge: Dodged            |    31 |     5 ||    36
Block: Kite shield       |    77 |     9 ||    86

Table legend: (Time is in decaauts)
 A = Elapsed time spent in this place.
 B = Non-inter-level travel time spent in this place.
 C = Inter-level travel time spent in this place.
 D = Time resting spent in this place.
 E = Time spent auto-exploring this place.
 F = Levels seen in this place.
 G = Mean time per level.
                   A        B        C        D        E       F      G
               +--------+--------+--------+--------+--------+-----+--------+
         Total |   2022 |   2008 |     14 |    414 |   1299 |   2 | 1011.0 |
       Dungeon |   2022 |   2008 |     14 |    414 |   1299 |   2 | 1011.0 |
               +--------+--------+--------+--------+--------+-----+--------+

Top non-repeatable levels by time:
     D:1: 1217 daAuts
     D:2: 804 daAuts
